Workbook

Sheet Base produits
A1: Base produits
A4: Référence produit | B4: Description | C4: Prix de vente | D4: Economie | E4: Catégorie | F4: Observations | H4: Points
A5: 1 | B5: Gateau | C5: 16.94 | E5: Patisserie | H5: 9

Sheet Base facturation
A1: Bases factures
A3: Client
A4: Saisir date facture (Ctrl + touche point virgule) ;
A5: Mois
A6: Choisir moyen de règlement :
A7: Remise de 10 € ?
A8: Montant total :
A9: Montant total points :
A10: Total quantité commandée : | B10: =SUM(B11:B24) -> 0 | C10: =SUM(C11:C24) -> 0 | D10: =SUM(D11:D24) -> 0 | E10: =SUM(E11:E24) -> 0 | F10: =SUM(F11:F24) -> 0 | G10: =SUM(G11:G24) -> 0 | H10: =SUM(H11:H24) -> 0 | I10: =SUM(I11:I24) -> 0 | ... ALN10: =SUM(ALN11:ALN24) -> 0 | ALO10: =SUM(B10:ALN10) -> 0
A11: ="Quantité "&'Base produits'!A5&" - "&'Base produits'!B5&" :" -> Quantité 1 - Gateau : | ALO11: =SUM(B11:ALN11) -> 0
A12: ="Quantité "&'Base produits'!A6&" - "&'Base produits'!B6&" :" -> Quantité - : | ALO12: =SUM(B12:ALN12) -> 0
A13: ="Quantité "&'Base produits'!A7&" - "&'Base produits'!B7&" :" -> Quantité - : | ALO13: =SUM(B13:ALN13) -> 0
A14: ="Quantité "&'Base produits'!A8&" - "&'Base produits'!B8&" :" -> Quantité - : | ALO14: =SUM(B14:ALN14) -> 0
A15: ="Quantité "&'Base produits'!A9&" - "&'Base produits'!B9&" :" -> Quantité - : | ALO15: =SUM(B15:ALN15) -> 0
A16: ="Quantité "&'Base produits'!A10&" - "&'Base produits'!B10&" :" -> Quantité - : | ALO16: =SUM(B16:ALN16) -> 0
A17: ="Quantité "&'Base produits'!A11&" - "&'Base produits'!B11&" :" -> Quantité - : | ALO17: =SUM(B17:ALN17) -> 0
A18: ="Quantité "&'Base produits'!A12&" - "&'Base produits'!B12&" :" -> Quantité - : | ALO18: =SUM(B18:ALN18) -> 0
A19: ="Quantité "&'Base produits'!A13&" - "&'Base produits'!B13&" :" -> Quantité - : | ALO19: =SUM(B19:ALN19) -> 0
A20: ="Quantité "&'Base produits'!A14&" - "&'Base produits'!B14&" :" -> Quantité - : | ALO20: =SUM(B20:ALN20) -> 0
A21: ="Quantité "&'Base produits'!A15&" - "&'Base produits'!B15&" :" -> Quantité - : | ALO21: =SUM(B21:ALN21) -> 0
A22: ="Quantité "&'Base produits'!A16&" - "&'Base produits'!B16&" :" -> Quantité - : | ALO22: =SUM(B22:ALN22) -> 0
... A24: ="Quantité "&'Base produits'!A18&" - "&'Base produits'!B18&" :" -> Quantité - : | ALO24: =SUM(B24:ALN24) -> 0

Sheet Base clients
A1: BDD Clients
A3: Code | B3: Source client | C3: Type | D3: Membre Facebook | E3: Première commande | F3: Nombre de points | G3: Nom prénom | H3: Adresse 1 | I3: Adresse 2 | J3: CP | K3: Ville | L3: Télephone | M3: E-mail | N3: Date de naissance | O3: Observations
